AA
CHICAGO DOGS @ SIOUX FALLS CANARIES
07/28/2072
 
TOP OF THE 1ST
Cleburne Railroaders batting - Pitching for Sioux City Explorers : RHP Joe Riley
Pitching: RHP Joe Riley
Batting: RHB Mike Latham 0-0: Foul Ball, location: 2F
0-1: Ball
1-1: SINGLE (Groundball, 56D, EV 93.8 MPH)
Batting: LHB Geoff Stanton 0-0: Called Strike
0-1: Ball
1-1: SINGLE (Flyball, 8LS, EV 94.4 MPH)
Mike Latham to second
Batting: LHB Nathan Tennant 0-0: Ball
1-0: Ball
2-0: Ball
3-0: Called Strike
3-1: Fly out, F8 (Flyball, 89M, EV 90.6 MPH)
Batting: LHB Hyun-oo Kang 0-0: Called Strike
0-1: SINGLE (Groundball, 4D, EV 111.2 MPH)
Mike Latham to third
Geoff Stanton to second
Runner from 3rd tries for Home, SAFE, throw by CF to home
Batting: SHB Edgar Avellaneda 0-0: Called Strike
0-1: Fly out, F8 (Flyball, 78D, EV 101.9 MPH)
Batting: RHB Moises Torres 0-0: Ball
1-0: Ball
2-0: Ground out 4-3 (Groundball, 4, EV 79.4 MPH)
Top of the 1st over - 1 run, 3 hits, 0 errors, 2 left on base; Cleburne 1 - Sioux City 0
BOTTOM OF THE 1ST
Sioux City Explorers batting - Pitching for Cleburne Railroaders : RHP Art McCutcheon
Pitching: RHP Art McCutcheon
Batting: RHB Steve MacIntosh 0-0: Ball
1-0: Ball
2-0: Ball
3-0: Called Strike
3-1: Base on Balls
Batting: RHB Danny Mondragon 0-0: Ball
1-0: Foul Ball, location: 2F
1-1: Foul Ball, location: 2F
1-2: SINGLE (Line Drive, 8LM, EV 87.5 MPH)
Steve MacIntosh to second
Batting: LHB Nate Powers 0-0: Fielders Choice at 2nd, 4-6 (Groundball, 34, EV 86.2 MPH)
Steve MacIntosh to third
Batting: RHB Brent Staffen 0-0: Called Strike
0-1: Ball
1-1: Ball
2-1: Foul Ball, location: 2F
2-2: Foul Ball, location: 2F
2-2: SINGLE (Line Drive, 34D, EV 93.8 MPH)
Steve MacIntosh scores
Nate Powers to second
Runner from 2nd tries for 3rd, SAFE, throw by RF made to third
Batting: SHB Jose Aguilar 0-0: Foul Ball, location: 2F
0-1: Ball
1-1: Ball
2-1: 3-RUN HOME RUN (Flyball, 9LD, EV 91.9 MPH), Distance : 358 ft
Batting: RHB Pat Desormeaux 0-0: Swinging Strike
0-1: Ball
1-1: Fly out, F9 (Flyball, 9S, EV 88.8 MPH)
Batting: RHB Teruo Tanaka 0-0: Ball
1-0: Fly out, F8 (Flyball, 8LXD, EV 98.8 MPH)
Bottom of the 1st over - 4 runs, 3 hits, 0 errors, 0 left on base; Cleburne 1 - Sioux City 4
TOP OF THE 2ND
Cleburne Railroaders batting - Pitching for Sioux City Explorers : RHP Joe Riley
Batting: RHB Brad Schmidt 0-0: Ground out 6-3 (Groundball, 6, EV 83.1 MPH)
Batting: RHB Fernando Miranda 0-0: Ball
1-0: Ball
2-0: Swinging Strike
2-1: Called Strike
2-2: Fly out, F8 (Flyball, 89M, EV 86.9 MPH)
Batting: RHB Ryan Mayes 0-0: Foul Ball, location: 2F
0-1: SINGLE (Line Drive, 4D, EV 95.0 MPH)
Batting: RHB Mike Latham 0-0: Called Strike
0-1: Foul Ball, location: 2F
0-2: Foul Ball, location: 2F
0-2: Strikes out swinging
Top of the 2nd over - 0 runs, 1 hit, 0 errors, 1 left on base; Cleburne 1 - Sioux City 4
BOTTOM OF THE 2ND
Sioux City Explorers batting - Pitching for Cleburne Railroaders : RHP Art McCutcheon
Batting: RHB Brady Pomerantz 0-0: Called Strike
0-1: SINGLE (Line Drive, 7S, EV 106.2 MPH)
Batting: RHB Ramon Alcantara 0-0: Fly out, F9 (Line Drive, 9, EV 85.0 MPH)
Batting: RHB Steve MacIntosh 0-0: Called Strike
0-1: Ball
1-1: Fly out, F8 (Flyball, 8LD, EV 95.6 MPH)
Batting: RHB Danny Mondragon 0-0: Ball
1-0: Foul Ball, location: 2F
1-1: Foul Ball, location: 2F
1-2: SINGLE (Line Drive, 8LS, EV 94.4 MPH)
Brady Pomerantz to second
Batting: LHB Nate Powers 0-0: Ball
1-0: Foul Ball, location: 2F
1-1: Foul Ball, location: 2F
1-2: Foul Ball, location: 2F
1-2: Foul Ball, location: 2F
1-2: SINGLE (Groundball, 25, EV 71.2 MPH) (infield hit)
Brady Pomerantz to third
Danny Mondragon to second
Batting: RHB Brent Staffen 0-0: Ball
1-0: Ball
2-0: Ball
3-0: Base on Balls
Brady Pomerantz scores
Danny Mondragon to third
Nate Powers to second
Batting: SHB Jose Aguilar 0-0: Fly out, F9 (Flyball, 89M, EV 90.0 MPH)
Bottom of the 2nd over - 1 run, 3 hits, 0 errors, 3 left on base; Cleburne 1 - Sioux City 5
TOP OF THE 3RD
Cleburne Railroaders batting - Pitching for Sioux City Explorers : RHP Joe Riley
Batting: LHB Geoff Stanton 0-0: Foul Ball, location: 2F
0-1: Foul Ball, location: 2F
0-2: Ball
1-2: Ball
2-2: Strikes out swinging
Batting: LHB Nathan Tennant 0-0: Foul Ball, location: 2F
0-1: Foul Ball, location: 2F
0-2: Ball
1-2: Ball
2-2: Ball
3-2: Ground out 6-3 (Groundball, 6, EV 99.4 MPH)
Batting: LHB Hyun-oo Kang 0-0: Foul Ball, location: 2F
0-1: Foul Ball, location: 2F
0-2: Ball
1-2: Ball
2-2: Ball
3-2: Base on Balls
Batting: SHB Edgar Avellaneda 0-0: Ball
1-0: Foul Ball, location: 2F
1-1: Ball
2-1: DOUBLE (Flyball, 8RXD, EV 107.5 MPH)
Hyun-oo Kang to third
Runner from 3rd tries for Home, SAFE, no throw by CF
Batting: RHB Moises Torres 0-0: Ball
1-0: Ball
2-0: Fly out, F3 (Line Drive, 3, EV 64.4 MPH)
Top of the 3rd over - 1 run, 1 hit, 0 errors, 1 left on base; Cleburne 2 - Sioux City 5
BOTTOM OF THE 3RD
Sioux City Explorers batting - Pitching for Cleburne Railroaders : RHP Art McCutcheon
Batting: RHB Pat Desormeaux 0-0: Ball
1-0: Fly out, F3 (Popup, 3F, EV 70.6 MPH)
Batting: RHB Teruo Tanaka 0-0: Called Strike
0-1: Foul Ball, location: 2F
0-2: Strikes out swinging
Batting: RHB Brady Pomerantz 0-0: Ball
1-0: SINGLE (Line Drive, 78M, EV 89.4 MPH)
Batting: RHB Ramon Alcantara 0-0: Called Strike
0-1: Ball
1-1: Fly out, F4 (Line Drive, 4, EV 71.9 MPH)
Bottom of the 3rd over - 0 runs, 1 hit, 0 errors, 1 left on base; Cleburne 2 - Sioux City 5
TOP OF THE 4TH
Cleburne Railroaders batting - Pitching for Sioux City Explorers : RHP Joe Riley
Batting: RHB Brad Schmidt 0-0: Ball
1-0: Fly out, F9 (Flyball, 89S, EV 94.4 MPH)
Batting: RHB Fernando Miranda 0-0: Ground out 6-3 (Groundball, 6, EV 86.2 MPH)
Batting: RHB Ryan Mayes 0-0: Foul Ball, location: 2F
0-1: SINGLE (Flyball, 78S, EV 94.4 MPH)
Batting: RHB Mike Latham 0-0: Ball
1-0: Ball
2-0: Called Strike
2-1: Ball
3-1: Foul Ball, location: 2F
3-2: Ground out 4-3 (Groundball, 4, EV 90.0 MPH)
Top of the 4th over - 0 runs, 1 hit, 0 errors, 1 left on base; Cleburne 2 - Sioux City 5
BOTTOM OF THE 4TH
Sioux City Explorers batting - Pitching for Cleburne Railroaders : RHP Art McCutcheon
Batting: RHB Steve MacIntosh 0-0: Ball
1-0: Called Strike
1-1: SINGLE (Groundball, 34D, EV 102.5 MPH)
Batting: RHB Danny Mondragon 0-0: Ball
1-0: Fielders Choice at 2nd, 6-4 (Groundball, 6D, EV 99.4 MPH)
Batting: LHB Nate Powers 0-0: Ball
1-0: Called Strike
1-1: SINGLE (Line Drive, 8LS, EV 88.8 MPH)
Danny Mondragon to second
Batting: RHB Brent Staffen 0-0: Ball
1-0: Foul Ball, location: 2F
1-1: Foul Ball, location: 2F
1-2: Ball
2-2: Strikes out swinging
Batting: SHB Jose Aguilar 0-0: Fly out, F9 (Flyball, 9LM, EV 90.6 MPH)
Bottom of the 4th over - 0 runs, 2 hits, 0 errors, 2 left on base; Cleburne 2 - Sioux City 5
TOP OF THE 5TH
Cleburne Railroaders batting - Pitching for Sioux City Explorers : RHP Joe Riley
Batting: LHB Geoff Stanton 0-0: Called Strike
0-1: SINGLE (Line Drive, 7S, EV 104.4 MPH)
Batting: LHB Nathan Tennant 0-0: Ball
1-0: Swinging Strike
1-1: Called Strike
Geoff Stanton steals 2nd base (no throw)
1-2: Ball
2-2: Ball
3-2: Ground out 4-3 (Groundball, 4, EV 86.9 MPH)
Geoff Stanton to third
Batting: LHB Hyun-oo Kang 0-0: Called Strike
0-1: Ball
1-1: Foul Ball, location: 2F
1-2: Ground out 4-3 (Groundball, 4, EV 91.9 MPH)
Geoff Stanton scores
Batting: SHB Edgar Avellaneda 0-0: Ball
1-0: Ball
2-0: Ball
3-0: Called Strike
3-1: Foul Ball, location: 2F
3-2: Base on Balls
Batting: RHB Moises Torres 0-0: Ball
1-0: Ball
Edgar Avellaneda steals 2nd base
2-0: Fly out, F9 (Flyball, 89M, EV 75.6 MPH)
Top of the 5th over - 1 run, 1 hit, 0 errors, 1 left on base; Cleburne 3 - Sioux City 5
BOTTOM OF THE 5TH
Sioux City Explorers batting - Pitching for Cleburne Railroaders : RHP Art McCutcheon
Batting: RHB Pat Desormeaux 0-0: DOUBLE (Line Drive, 7LM, EV 108.1 MPH)
Batting: RHB Teruo Tanaka 0-0: SINGLE (Line Drive, 8LS, EV 91.9 MPH)
Pat Desormeaux to third
Pitching: RHP Steve Nieuwsma
Batting: RHB Brady Pomerantz 0-0: Ball
1-0: Ball
2-0: Ball
3-0: Base on Balls
Teruo Tanaka to second
Batting: RHB Ramon Alcantara 0-0: Ball
1-0: Ball
2-0: Ball
3-0: Base on Balls
Pat Desormeaux scores
Teruo Tanaka to third
Brady Pomerantz to second
Batting: RHB Steve MacIntosh 0-0: Called Strike
0-1: Ball
1-1: Ball
2-1: Foul Ball, location: 2F
2-2: Fly out, F9 (Flyball, 9LM, EV 88.1 MPH)
Runner from 3rd tags up, SCORES, throw by RF
Brady Pomerantz to third
Batting: RHB Danny Mondragon 0-0: Ball
1-0: Ball
2-0: Called Strike
2-1: Ball
3-1: Grounds into double play, 5-4-3 (Groundball, 56, EV 101.2 MPH)
Bottom of the 5th over - 2 runs, 2 hits, 0 errors, 1 left on base; Cleburne 3 - Sioux City 7
TOP OF THE 6TH
Cleburne Railroaders batting - Pitching for Sioux City Explorers : RHP Joe Riley
Pitching: RHP John Prickett
Batting: RHB Brad Schmidt 0-0: Ball
1-0: Foul Ball, location: 2F
1-1: Ball
2-1: Fly out, F8 (Flyball, 8RS, EV 71.9 MPH)
Batting: RHB Fernando Miranda 0-0: Foul Ball, location: 2F
0-1: Called Strike
0-2: Strikes out swinging
Batting: RHB Ryan Mayes 0-0: Called Strike
0-1: Hit by Pitch
Batting: RHB Mike Latham 0-0: Ball
1-0: Ball
2-0: Called Strike
2-1: Ball
3-1: Base on Balls
Ryan Mayes to second
Batting: LHB Geoff Stanton 0-0: Ball
1-0: Ball
2-0: Foul Ball, location: 2F
2-1: Ball
3-1: Base on Balls
Ryan Mayes to third
Mike Latham to second
Batting: LHB Nathan Tennant 0-0: Called Strike
0-1: Ball
1-1: Ball
2-1: Ball
3-1: Base on Balls
Ryan Mayes scores
Mike Latham to third
Geoff Stanton to second
Batting: LHB Hyun-oo Kang 0-0: SINGLE (Flyball, 6D, EV 82.5 MPH)
Mike Latham scores
Geoff Stanton to third
Nathan Tennant to second
Runner from 3rd tries for Home, SAFE, throw by CF to home
Pitching: RHP Billy Damon
Batting: SHB Edgar Avellaneda 0-0: 3-RUN HOME RUN (Flyball, 89XD, EV 100.0 MPH), Distance : 408 ft
Batting: RHB Moises Torres 0-0: Ball
1-0: Ball
2-0: Fly out, F4 (Line Drive, 4, EV 70.0 MPH)
Top of the 6th over - 6 runs, 2 hits, 0 errors, 0 left on base; Cleburne 9 - Sioux City 7
BOTTOM OF THE 6TH
Sioux City Explorers batting - Pitching for Cleburne Railroaders : RHP Steve Nieuwsma
Batting: LHB Nate Powers 0-0: Called Strike
0-1: Ground out 4-3 (Groundball, 4, EV 86.9 MPH)
Batting: RHB Brent Staffen 0-0: Called Strike
0-1: Ground out 5-3 (Groundball, 56, EV 92.5 MPH)
Batting: SHB Jose Aguilar 0-0: Ball
1-0: Ball
2-0: Ball
3-0: Base on Balls
Batting: RHB Pat Desormeaux 0-0: Ball
1-0: Ball
2-0: Swinging Strike
2-1: Ball
3-1: Base on Balls
Jose Aguilar to second
Batting: RHB Teruo Tanaka 0-0: Called Strike
0-1: Swinging Strike
0-2: Foul Ball, location: 2F
0-2: Ball
1-2: Foul Ball, location: 2F
1-2: Strikes out looking
Bottom of the 6th over - 0 runs, 0 hits, 0 errors, 2 left on base; Cleburne 9 - Sioux City 7
TOP OF THE 7TH
Cleburne Railroaders batting - Pitching for Sioux City Explorers : RHP Billy Damon
Batting: RHB Brad Schmidt 0-0: Ball
1-0: Called Strike
1-1: Ball
2-1: Ball
3-1: Ground out 6-3 (Groundball, 56, EV 96.2 MPH)
Batting: RHB Fernando Miranda 0-0: SOLO HOME RUN (Flyball, 7D, EV 108.8 MPH), Distance : 370 ft
Batting: RHB Ryan Mayes 0-0: Called Strike
0-1: Ball
1-1: Ball
2-1: SINGLE (Groundball, 15S, EV 73.8 MPH) (infield hit)
Batting: RHB Mike Latham 0-0: Called Strike
0-1: Foul Ball, location: 2F
0-2: Ball
1-2: Fly out, F9 (Flyball, 9D, EV 97.5 MPH)
Batting: LHB Geoff Stanton 0-0: Ball
1-0: Ball
2-0: Called Strike
2-1: Swinging Strike
2-2: Fly out, F7 (Flyball, 7S, EV 83.8 MPH)
Top of the 7th over - 1 run, 2 hits, 0 errors, 1 left on base; Cleburne 10 - Sioux City 7
BOTTOM OF THE 7TH
Sioux City Explorers batting - Pitching for Cleburne Railroaders : RHP Steve Nieuwsma
Batting: RHB Brady Pomerantz 0-0: SINGLE (Line Drive, 5D, EV 103.1 MPH)
Batting: RHB Ramon Alcantara 0-0: SINGLE (Groundball, 13, EV 81.2 MPH) (infield hit)
Brady Pomerantz to second
Batting: RHB Steve MacIntosh 0-0: Ball
1-0: Called Strike
1-1: Grounds into double play, 5-4-3 (Groundball, 56, EV 110.6 MPH)
Brady Pomerantz to third
Batting: RHB Danny Mondragon 0-0: DOUBLE (Line Drive, 89D, EV 105.6 MPH)
Brady Pomerantz scores
Batting: LHB Nate Powers 0-0: Ball
1-0: Ball
2-0: Ball
3-0: Called Strike
3-1: Called Strike
3-2: Foul Ball, location: 2F
3-2: Base on Balls
Batting: RHB Brent Staffen 0-0: Called Strike
0-1: Ball
1-1: Foul Ball, location: 2F
1-2: Foul Ball, location: 2F
1-2: Foul Ball, location: 2F
1-2: Fly out, F4 (Popup, 4, EV 71.2 MPH)
Bottom of the 7th over - 1 run, 3 hits, 0 errors, 2 left on base; Cleburne 10 - Sioux City 8
TOP OF THE 8TH
Cleburne Railroaders batting - Pitching for Sioux City Explorers : RHP Billy Damon
Batting: LHB Nathan Tennant 0-0: Called Strike
0-1: DOUBLE (Flyball, 78D, EV 98.1 MPH)
Batting: LHB Hyun-oo Kang 0-0: Foul Ball, location: 2F
0-1: Ground out 2-3 (Groundball, 2L, EV 70.6 MPH)
Nathan Tennant to third
Batting: SHB Edgar Avellaneda 0-0: Intentional Walk
Batting: RHB Moises Torres 0-0: Ball
1-0: Called Strike
1-1: Swinging Strike
1-2: Ball
2-2: Strikes out looking
Edgar Avellaneda steals 2nd base (no throw)
Batter strikes out.
Batting: RHB Brad Schmidt 0-0: Called Strike
0-1: Called Strike
0-2: Foul Ball, location: 2F
0-2: Strikes out swinging
Top of the 8th over - 0 runs, 1 hit, 0 errors, 2 left on base; Cleburne 10 - Sioux City 8
BOTTOM OF THE 8TH
Sioux City Explorers batting - Pitching for Cleburne Railroaders : RHP Steve Nieuwsma
Batting: SHB Jose Aguilar 0-0: Foul Ball, location: 2F
0-1: Ball
1-1: Foul Ball, location: 2F
1-2: Fly out, F9 (Flyball, 9D, EV 81.9 MPH)
Batting: RHB Pat Desormeaux 0-0: Ground out 6-3 (Groundball, 6, EV 99.4 MPH)
Batting: RHB Teruo Tanaka 0-0: SINGLE (Groundball, 56D, EV 110.0 MPH)
Pitching: RHP Arlett Mavare
Batting: RHB Brady Pomerantz 0-0: Fly out, F9 (Line Drive, 9LM, EV 96.2 MPH)
Bottom of the 8th over - 0 runs, 1 hit, 0 errors, 1 left on base; Cleburne 10 - Sioux City 8
TOP OF THE 9TH
Cleburne Railroaders batting - Pitching for Sioux City Explorers : RHP Billy Damon
Batting: RHB Fernando Miranda 0-0: Foul Ball, location: 2F
0-1: Ball
1-1: Swinging Strike
1-2: SINGLE (Line Drive, 8LS, EV 101.9 MPH)
Pitching: RHP Avery Brandon
Batting: RHB Ryan Mayes 0-0: Called Strike
0-1: Foul Ball, location: 2F
0-2: Fly out, F8 (Flyball, 8LD, EV 102.5 MPH)
Batting: RHB Mike Latham 0-0: Ball
1-0: Fly out, F8 (Line Drive, 8LM, EV 111.9 MPH)
Batting: LHB Geoff Stanton 0-0: Called Strike
0-1: Ball
1-1: Ball
2-1: Called Strike
2-2: Strikes out swinging
Top of the 9th over - 0 runs, 1 hit, 0 errors, 1 left on base; Cleburne 10 - Sioux City 8
BOTTOM OF THE 9TH
Sioux City Explorers batting - Pitching for Cleburne Railroaders : RHP Arlett Mavare
Batting: RHB Ramon Alcantara 0-0: Called Strike
0-1: Called Strike
0-2: Strikes out looking
Batting: RHB Steve MacIntosh 0-0: Ball
1-0: Swinging Strike
1-1: Foul Ball, location: 2F
1-2: Ball
2-2: Ball
3-2: Base on Balls
Batting: RHB Danny Mondragon 0-0: Ball
1-0: Foul Ball, location: 2F
1-1: Foul Ball, location: 2F
1-2: Ball
2-2: Foul Ball, location: 2F
2-2: Foul Ball, location: 2F
2-2: Foul Ball, location: 2F
2-2: Foul Ball, location: 2F
2-2: Fly out, F7 (Flyball, 78M, EV 91.2 MPH)
Batting: LHB Nate Powers 0-0: Ball
1-0: Called Strike
1-1: Swinging Strike
1-2: SINGLE (Groundball, 4S, EV 71.9 MPH) (infield hit)
Steve MacIntosh to second
Batting: RHB Brent Staffen 0-0: Called Strike
0-1: Ball
1-1: Hit by Pitch
Steve MacIntosh to third
Nate Powers to second
Batting: SHB Jose Aguilar 0-0: Ball
1-0: Foul Ball, location: 2F
1-1: Ball
2-1: Foul Ball, location: 2F
2-2: Ball
3-2: Base on Balls
Steve MacIntosh scores
Nate Powers to third
Brent Staffen to second
Batting: RHB Pat Desormeaux 0-0: Called Strike
0-1: Ball
1-1: Ball
2-1: SINGLE (Line Drive, 56D, EV 111.9 MPH)
Nate Powers scores
Brent Staffen to third
Jose Aguilar to second
Runner from 3rd tries for Home, SAFE, throw by LF to home
Bottom of the 9th over - 3 runs, 2 hits, 0 errors, 0 left on base; Cleburne 10 - Sioux City 11
Game Over ... Sioux City defeats Cleburne, 11 to 10
Friday, October 29th , 2021 - OOTP Baseball 22.10 Build 79